 Dungeon Crawl Stone Soup version 0.30-a0-358-g0d69a1922f (webtiles) character file.

Game seed: 11173281979941322752

93658 MackTheKnife the Executioner (level 15, -4/150 HPs)
             Began as a Grey Draconian Berserker on Nov 9, 2022.
             Was an Elder of Trog.
             Shot with an arrow by a deep elf master archer (27 damage)
             ... on level 3 of the Elven Halls.
             The game lasted 00:40:03 (22489 turns).

MackTheKnife the Executioner (DrBe)                Turns: 22489, Time: 00:40:04

Health: -4/150     AC: 23    Str: 21    XL:     15   Next: 61%
Magic:  0/15       EV: 18    Int:  9    God:    Trog [****..]
Gold:   1785       SH:  0    Dex: 11    Spells: 14/14 levels left

rFire   + . .      SeeInvis +    N - +7 executioner's axe (vorpal)
rCold   + . .      Faith    .    (shield currently unavailable)
rNeg    . . .      Spirit   +    (body armour unavailable)
rPois   .          Reflect  .    w - +2 hat
rElec   +          Harm     .    t - +2 cloak {Will+}
rCorr   .          Rampage  .    v - +0 pair of gloves
Will    ++...      Rage     3%   o - +2 pair of boots
Stlth   ++........               f - amulet of guardian spirit {Spirit}
HPRegen 0.45/turn                b - ring of Foolhardiness {rElec rF+ Str-4 SInv Stlth+}
MPRegen 0.14/turn                A - +4 ring of evasion

@: on berserk cooldown, slowed, unable to read, very slow
A: AC +14, amphibious, unfitting armour, cold-blooded, berserk 1, cold
resistance 1, inability to read after injury 1
a: Renounce Religion, Berserk, Trog's Hand, Brothers in Arms


You were on level 3 of the Elven Halls.
You worshipped Trog.
Trog was greatly pleased with you.
You visited 4 branches of the dungeon, and saw 23 of its levels.

You collected 2241 gold pieces.
You spent 456 gold pieces at shops.

Inventory:

Hand Weapons
 z - the +9 battleaxe of the Old World {vorpal, +Blink rC+}
   (Trog gifted it to you on level 2 of the Orcish Mines)

   It inflicts extra damage upon your enemies.
   rC:        It protects you from cold.
   +Blink:    It lets you blink.
 N - a +7 vorpal executioner's axe (weapon)
   (Trog gifted it to you on level 1 of the Orcish Mines)
 O - a +2 battleaxe of flaming
   (Trog gifted it to you on level 3 of the Elven Halls)
Missiles
 G - 2 throwing nets {=f, !d}
Armour
 o - a +2 pair of boots (worn)
   (You found it on level 4 of the Dungeon)
 t - a +2 cloak of willpower (worn)
   (You took it off Crazy Yiuf on level 4 of the Dungeon)
 v - a +0 pair of gloves (worn)
   (You found it on level 7 of the Dungeon)
 w - a +2 hat (worn)
   (You took it off Gastronok on level 3 of the Lair of Beasts)
Jewellery
 b - the ring of Foolhardiness (left hand) {rElec rF+ Str-4 SInv Stlth+}
   (You acquired it on level 7 of the Dungeon)

   [ring of protection from fire]

   Str:       It affects your strength (-4).
   rF:        It protects you from fire.
   rElec:     It insulates you from electricity.
   SInv:      It lets you see invisible.
   Stlth:     It makes you more stealthy.
 d - an amulet of reflection
   (You found it on level 6 of the Dungeon)
 f - an amulet of guardian spirit (around neck) {Spirit}
   (You found it on level 1 of the Dungeon)
 p - a ring of protection from fire {rF+, !d}
   (You found it on level 8 of the Dungeon)
 r - a +6 ring of dexterity
   (You found it on level 7 of the Dungeon)
 u - a ring of positive energy {rN+}
   (You found it on level 1 of the Lair of Beasts)
 A - a +4 ring of evasion (right hand)
   (You found it on level 11 of the Dungeon)
Wands
 s - a wand of iceblast (14)
   (You found it on level 7 of the Dungeon)
 y - a wand of digging (1)
   (You found it on level 2 of the Lair of Beasts)
 B - a wand of light (10)
   (You found it on level 9 of the Dungeon)
 C - a wand of charming (12)
   (You found it on level 1 of the Elven Halls)
 F - a wand of polymorph (13)
   (You found it on level 2 of the Lair of Beasts)
 I - a wand of flame (8)
   (You found it on level 3 of the Elven Halls)
Scrolls
 c - 4 scrolls of fear
 i - 13 scrolls of teleportation
 j - 4 scrolls of immolation {!r}
 x - a scroll of brand weapon
 D - 2 scrolls of enchant armour
 E - 2 scrolls of silence
 H - 2 scrolls of fog
 K - 6 scrolls of identify
 L - 7 scrolls of blinking {!r}
Potions
 a - a potion of might
 e - 5 potions of curing
 g - 2 potions of resistance
 h - 5 potions of heal wounds
 k - 5 potions of invisibility
 l - 4 potions of attraction {!q}
 m - 5 potions of flight
 n - 5 potions of lignification {!q}
 q - 2 potions of haste
Miscellaneous
 J - a box of beasts
   (You found it on level 5 of the Lair of Beasts)
 M - a condenser vane
   (You found it on level 12 of the Dungeon)


   Skills:
 + Level 18.4 Fighting
 - Level 21.3 Axes
 - Level 7.3 Dodging


You had 14 spell levels left.
You didn't know any spells.
Your spell library was empty.

Dungeon Overview and Level Annotations

Branches:
Dungeon (13/15)            Temple (0/1) D:4            Lair (5/5) D:11
  Swamp (0/4) Lair:3       Spider (0/4) Lair:3        Slime (0/5) Lair:5
    Orc (2/2) D:12            Elf (3/3) Orc:2
 Vaults: D:13-14

Altars:
Ashenzari
Hepliaklqana
Kikubaaqudgha
Okawaru
Qazlal
Sif Muna
Jiyva

Shops:
D:5 (   Orc:2 ??[:   Elf:2 (

Portals:
Trove: Elf:1 (give +3 shadow dragon scales)

Annotations:
D:8 1 runed translucent door, exclusions: wight and 2 more exclusions, Lanoc's ghost, novice DECj
D:10 2 runed translucent doors, stringoo's ghost, journeyman DsHu
Lair:2 exclusion: hydra
Lair:3 Rupert
Elf:1 exclusion: orange crystal statue
Elf:2 3 runed translucent doors


Innate Abilities, Weirdness & Mutations

Your dull iron-grey scales are very hard. (AC +14)
You are amphibious.
You cannot fit into any form of body armour.
You are cold-blooded and may be slowed by cold attacks.
You sometimes lose your temper in combat.
Your flesh is cold resistant. (rC+)
You occasionally lose the ability to read scrolls when taking damage.


Message History

You miss the +4 vorpal broad axe. You slice the +4 vorpal broad axe!!
The +4 vorpal broad axe misses you.
You miss the +4 vorpal broad axe.
The +4 vorpal broad axe completely misses you.
You slice the +4 vorpal broad axe!!
The +4 vorpal broad axe falls from the air.
Trog accepts your kill.
You barely miss the deep elf annihilator.
The deep elf master archer shouts!
You tail-slap the deep elf annihilator! You slice the deep elf annihilator!!
Your tail-slap misses the deep elf annihilator.
The deep elf annihilator barely misses you.
You slice the deep elf annihilator!!
You kill the deep elf annihilator!
Trog accepts your kill.
Trog appreciates your killing of a magic user.
The deep elf master archer wields a +0 longbow.
The deep elf master archer shoots an arrow.
The arrow barely misses you.
You feel a strong urge to attack something.
The deep elf master archer shoots an arrow.
The arrow hits you!
You take 14 damage, and have 211/225 hp.
You now have 14/15 mp.
You feel your anger nearly subside.
Unknown command.
You are no longer berserk.
You are exhausted.
You feel yourself slow down.
You feel the effects of Trog's Hand fading.
You now have 143/150 hp.
You regained 2 hp, and now have 145/150 hp.
Unknown command.
You regained 2 hp, and now have 147/150 hp.
Health restored: 150 Your skin stops crawling.
You feel less strong-willed.
The deep elf master archer shoots an arrow.
The arrow hits you!!
You take 25 damage, and have 125/150 hp.
You now have 12/15 mp.
Okay, then.
The deep elf master archer shoots an arrow.
The arrow hits you.
The deep elf master archer shoots an arrow.
The arrow misses you.
The deep elf master archer shoots an arrow.
The arrow hits you!
You take 17 damage, and have 108/150 hp.
You now have 9/15 mp.
The deep elf master archer shoots an arrow.
The arrow closely misses you.
There is an open door here.
You close the door.
Your skin crawls.
You feel strong-willed.
You regained 2 hp, and now have 113/150 hp.
A deep elf master archer opens the door.
You regained 3 hp, and now have 116/150 hp.
The deep elf master archer shoots an arrow.
The arrow hits you.
The deep elf master archer unwields a +0 longbow.
The deep elf master archer hits you but does no damage.
There is an open door here.
You slice the deep elf master archer!!
You feel the effects of Trog's Hand fading.
The deep elf master archer wields a +0 longbow.
The deep elf master archer shoots an arrow.
The arrow hits you!
You take 10 damage, and have 107/150 hp.
You now have 9/15 mp.
You slice the deep elf master archer!!
The deep elf master archer shoots an arrow.
The arrow hits you!
The deep elf master archer shoots an arrow.
The arrow hits you!!
The deep elf master archer shoots an arrow.
The arrow hits you.
You take 29 damage, and have 78/150 hp.
You now have 7/15 mp.
You hit the deep elf master archer but do no damage.
The deep elf master archer shoots an arrow.
The arrow hits you but does no damage.
The deep elf master archer shoots an arrow.
The arrow hits you!
You take 11 damage, and have 67/150 hp.
You now have 6/15 mp.
You barely miss the deep elf master archer.
The deep elf master archer shoots an arrow.
The arrow hits you!
The deep elf master archer shoots an arrow.
The arrow hits you!
You take 19 damage, and have 48/150 hp.
You now have 4/15 mp.
You barely miss the deep elf master archer.
Your skin stops crawling.
You feel less strong-willed.
The deep elf master archer shoots an arrow.
The arrow hits you!!
You feel threatened and lose the ability to read scrolls!
* * * LOW HITPOINT WARNING * * *
The deep elf master archer shoots an arrow.
The arrow hits you!!
You die...

#..)### ##.## #...).#
##.## #.....#
######'## #..8..#
#.....## #
#.....########.....##
##
#.....e.............#
#.
#'###########.......#
#. #.# ##e......# #.
#.# ##@#.....## ##
#.# ##.##.....# # #.#
##.######### #.#
##.## ####'## ##.##
##.....####.##
#.......##)##
..^......'#.##
..........##.## #


You could see a deep elf master archer.

Vanquished Creatures
  A deep elf blademaster (Elf:3)
  Gastronok (Lair:3)
  Roxanne (Elf:1)
  2 deep elf sorcerers (Elf:3)
  A deep elf elementalist (Elf:3)
  The ghost of Wuassiha the Nimble, a journeyman DjCj of Makhleb (Orc:1)
  3 deep elf demonologists
  A deep elf annihilator (Elf:3)
  A dire elephant (Lair:5)
  2 deep elf death magi (Elf:3)
  Josephine (Orc:1)
  A fire dragon (Lair:5)
  Fannar (Lair:3)
  3 deep elf high priests
  The ghost of Wirphemij the Carver, a journeyman DgFi (Orc:2)
  2 catoblepae (Lair:5)
  A centaur warrior (Orc:2)
  A boulder beetle (D:11)
  13 dancing weapons
  3 death yaks (Lair:5)
  Amaemon (Lair:1)
  Sonja (Lair:1)
  A swamp dragon (Lair:5)
  A lindwurm (Lair:5)
  6 deep elf archers
  20 deep elf zephyrmancers
  19 deep elf pyromancers
  2 orc knights (Orc:2)
  5 orc sorcerers
  3 cyclopes
  2 manticores (Lair:5)
  Joseph (D:7)
  3 black mambas
  12 elephants
  4 cane toads
  3 gargoyles
  A torpor snail (Lair:5)
  An orange demon (Lair:1)
  Maggie (Lair:1)
  A kobold demonologist (D:12)
  7 komodo dragons
  An unseen horror (D:12)
  4 rime drakes
  A queen bee (D:9)
  5 polar bears
  3 trolls
  9 dream sheep (Lair:5)
  2 hornets (Lair:5)
  Prince Ribbit (D:5)
  9 blink frogs
  A culicivora (Lair:3)
  40 yaks
  2 water elementals
  3 air elementals
  A shadow (D:12)
  4 wyverns
  9 wraiths
  3 fire elementals
  2 steam dragons
  3 basilisks
  4 vampire mosquitoes
  Menkaure (D:6)
  3 wargs (Orc:2)
  Edmund (D:4)
  12 water moccasins
  Duvessa (D:7)
  36 orc warriors
  4 swamp drakes (Lair:5)
  2 ice beasts
  3 sky beasts
  Pargi (D:3)
  6 ogres
  3 black bears
  5 wolves
  15 centaurs
  A phantom (D:6)
  Blork the orc (D:6)
  3 kobold brigands
  2 gnoll sergeants
  2 earth elementals
  5 scorpions
  12 bullfrogs
  A necrophage (D:5)
  10 wights
  Dowan (D:7)
  13 killer bees
  4 howler monkeys (D:9)
  2 electric eels
  4 jellies
  A hound (D:5)
  2 gnoll boudas (D:9)
  10 orc priests
  Crazy Yiuf (D:4)
  15 orc wizards
  11 iguanas
  23 gnolls
  5 adders
  4 shadow imps
  A white imp (D:5)
  2 ufetubi
  A worm (D:4)
  3 dart slugs
  89 orcs
  5 ball pythons
  7 bats
  12 endoplasms
  2 giant cockroaches
  2 goblins (D:3)
  3 hobgoblins
  11 kobolds
  A quokka (D:4)
  4 frilled lizards
  2 rats
614 creatures vanquished.

Vanquished Creatures (others)
  An orc warrior (Orc:2)
  An orc wizard (D:9)
  An orc (D:8)
  16 fungi
  78 plants
97 creatures vanquished.

Grand Total: 711 creatures vanquished

Notes
Turn   | Place    | Note
-------+----------+-------------------------------------------
     0 | D:1      | MackTheKnife the Draconian Berserker began the quest for
                  | the Orb.
     0 | D:1      | Reached XP level 1. HP: 19/19 MP: 1/1
   193 | D:1      | Reached XP level 2. HP: 26/26 MP: 2/2
   848 | D:2      | Reached skill level 4 in Axes
  1425 | D:3      | Reached XP level 3. HP: 26/31 MP: 3/3
  1988 | D:3      | Found a stormy altar of Qazlal.
  1990 | D:3      | Reached ** piety under Trog
  1991 | D:3      | Found a hazy altar of Hepliaklqana.
  2392 | D:3      | Noticed Pargi
  2407 | D:3      | Killed Pargi
  2408 | D:3      | Reached skill level 5 in Axes
  2408 | D:3      | Reached XP level 4. HP: 38/38 MP: 2/4
  2408 | D:3      | Reached XP level 5. HP: 45/45 MP: 2/5
  2734 | D:4      | Reached skill level 6 in Axes
  2849 | D:4      | Found a shimmering blue altar of Sif Muna.
  2849 | D:4      | Found an ancient bone altar of Kikubaaqudgha.
  3098 | D:4      | Found an iron altar of Okawaru.
  3121 | D:4      | Noticed Edmund
  3130 | D:4      | Killed Edmund
  3131 | D:4      | Reached skill level 7 in Axes
  3131 | D:4      | Reached XP level 6. HP: 51/51 MP: 6/6
  3206 | D:4      | Found a runed translucent door.
  3207 | D:4      | Noticed Crazy Yiuf
  3220 | D:4      | Killed Crazy Yiuf
  3308 | D:4      | Found a broken altar of Ashenzari.
  3366 | D:4      | Found a staircase to the Ecumenical Temple.
  3430 | D:5      | Entered Level 5 of the Dungeon
  3492 | D:5      | Reached skill level 8 in Axes
  3516 | D:5      | Your scales start taking on a dull iron-grey colour.
  3516 | D:5      | Reached XP level 7. HP: 37/57 MP: 7/7
  3633 | D:5      | Noticed Prince Ribbit
  3642 | D:5      | Killed Prince Ribbit
  3643 | D:5      | Reached skill level 9 in Axes
  3765 | D:5      | Reached skill level 4 in Fighting
  3811 | D:5      | Found Xasti's Antique Weapon Shoppe.
  3823 | D:5      | Reached XP level 8. HP: 67/67 MP: 8/8
  3880 | D:5      | Reached skill level 5 in Fighting
  3956 | D:5      | Reached skill level 10 in Axes
  4121 | D:5      | Reached skill level 6 in Fighting
  4476 | D:6      | Reached *** piety under Trog
  4502 | D:6      | Noticed Blork the orc
  4516 | D:6      | Killed Blork the orc
  4888 | D:6      | Noticed Menkaure
  4900 | D:6      | Reached skill level 7 in Fighting
  4900 | D:6      | Reached XP level 9. HP: 79/79 MP: 9/9
  4907 | D:6      | Killed Menkaure
  4911 | D:6      | Reached skill level 11 in Axes
  5113 | D:6      | Reached skill level 8 in Fighting
  5567 | D:7      | Reached skill level 3 in Dodging
  5679 | D:7      | Noticed Joseph
  5699 | D:7      | Killed Joseph
  5700 | D:7      | Reached skill level 4 in Dodging
  5701 | D:7      | Reached skill level 5 in Dodging
  5810 | D:7      | Noticed Duvessa
  5811 | D:7      | Noticed Dowan
  5820 | D:7      | Killed Duvessa
  5828 | D:7      | Killed Dowan
  5944 | D:7      | Reached XP level 10. HP: 90/90 MP: 10/10
  6170 | D:7      | Reached skill level 6 in Dodging
  6313 | D:7      | Identified a scroll of acquirement
  6313 | D:7      | Acquired the ring of Foolhardiness {rElec rF+ Str-4 SInv
                  | Stlth+}
  6391 | D:8      | Found a runed translucent door.
  6392 | D:8      | Noticed Lanoc's ghost (novice DECj)
  7128 | D:8      | Reached skill level 7 in Dodging
  7416 | D:9      | Reached **** piety under Trog
  7600 | D:9      | Reached skill level 12 in Axes
  8296 | D:10     | Entered Level 10 of the Dungeon
  8323 | D:10     | HP: 18/89 [poisoned by a gnoll sergeant]
  8565 | D:10     | Found a runed translucent door.
  8568 | D:10     | Found a runed translucent door.
  8570 | D:10     | Noticed a five-headed hydra
  8571 | D:10     | Noticed a boulder beetle
  8571 | D:10     | Noticed a lich
  8571 | D:10     | Noticed a boulder beetle
  8571 | D:10     | Noticed stringoo's ghost (journeyman DsHu)
  8572 | D:10     | Noticed a necromancer
  8614 | D:10     | Reached skill level 13 in Axes
  8987 | D:10     | Reached XP level 11. HP: 95/95 MP: 8/11
  9249 | D:11     | Reached skill level 14 in Axes
  9285 | D:11     | Identified the +6 hand axe "Mejiresyi" {venom, Str-3 SInv
                  | Stlth+}
  9323 | D:11     | Found a staircase to the Lair.
  9676 | D:11     | Reached skill level 15 in Axes
  9692 | D:11     | Noticed a boulder beetle
  9720 | D:11     | Killed a boulder beetle
  9914 | Lair:1   | Entered Level 1 of the Lair of Beasts
  9933 | Lair:1   | Noticed Sonja
  9940 | Lair:1   | Killed Sonja
 10210 | Lair:1   | Reached skill level 16 in Axes
 10304 | Lair:1   | Noticed Maggie
 10397 | Lair:1   | Killed Maggie
 10580 | Lair:1   | Noticed Amaemon
 10595 | Lair:1   | Killed Amaemon
 10878 | Lair:1   | Reached XP level 12. HP: 103/103 MP: 12/12
 11373 | Lair:2   | Reached ***** piety under Trog
 11382 | Lair:2   | Reached skill level 17 in Axes
 11387 | Lair:2   | Reached skill level 9 in Fighting
 11552 | Lair:2   | Noticed a four-headed hydra
 12107 | Lair:3   | Found a hole to the Spider Nest.
 12380 | Lair:3   | Noticed Rupert
 12441 | Lair:3   | Reached skill level 10 in Fighting
 12508 | Lair:3   | Noticed Fannar
 12532 | Lair:3   | Killed Fannar
 12555 | Lair:3   | Found a staircase to the Swamp.
 12645 | Lair:3   | Gained mutation: You sometimes lose your temper in combat.
                  | [potion of mutation]
 12645 | Lair:3   | Gained mutation: You occasionally lose the ability to read
                  | scrolls when taking damage. [potion of mutation]
 12645 | Lair:3   | Gained mutation: Your flesh is cold resistant. (rC+)
                  | [potion of mutation]
 13000 | Lair:3   | Noticed Gastronok
 13011 | Lair:3   | Killed Gastronok
 13012 | Lair:3   | Reached skill level 11 in Fighting
 13366 | Lair:4   | Reached skill level 18 in Axes
 13625 | Lair:4   | Identified the +8 whip "Qyjued" {flame, Int+4 Dex+7 SInv
                  | Stlth-}
 14090 | Lair:5   | Entered Level 5 of the Lair of Beasts
 14117 | Lair:5   | Reached XP level 13. HP: 117/117 MP: 11/13
 14141 | Lair:5   | Reached skill level 12 in Fighting
 14533 | Lair:5   | Found a stormy altar of Qazlal.
 14586 | Lair:5   | Found a viscous altar of Jiyva.
 14586 | Lair:5   | Found a staircase to the Slime Pits.
 14683 | Lair:5   | Received a gift from Trog
 14935 | Lair:5   | Reached skill level 13 in Fighting
 15115 | Lair:5   | Noticed a dire elephant
 15123 | Lair:5   | Reached skill level 19 in Axes
 15131 | Lair:5   | Killed a dire elephant
 15380 | Lair:5   | Noticed a fire dragon
 15396 | Lair:5   | HP: 23/123 [poison (poison gas)]
 15635 | Lair:5   | Killed a fire dragon
 16009 | D:12     | Found a staircase to the Orcish Mines.
 16329 | D:12     | Reached skill level 14 in Fighting
 17089 | Orc:1    | Entered Level 1 of the Orcish Mines
 17089 | Orc:1    | Noticed Josephine
 17097 | Orc:1    | Received a gift from Trog
 17105 | Orc:1    | Killed Josephine
 17173 | Orc:1    | Reached XP level 14. HP: 124/132 MP: 14/14
 17637 | Orc:1    | Noticed Wuassiha's ghost (journeyman DjCj)
 17651 | Orc:1    | Found a transporter.
 17654 | Orc:1    | Found a transporter.
 17718 | Orc:1    | Killed Wuassiha's ghost
 17766 | Orc:2    | Entered Level 2 of the Orcish Mines
 17791 | Orc:2    | Identified the +9 battleaxe of the Old World {vorpal,
                  | +Blink rC+} (Trog gifted it to you on level 2 of the Orcish
                  | Mines)
 17791 | Orc:2    | Received a gift from Trog
 17876 | Orc:2    | Found a staircase to the Elven Halls.
 17946 | Orc:2    | Found a runed translucent gate.
 17947 | Orc:2    | Found a runed translucent gate.
 17948 | Orc:2    | Found a runed translucent gate.
 17963 | Orc:2    | Reached skill level 20 in Axes
 18022 | Orc:2    | Found Ediutzef's Magic Scroll Shop.
 18022 | Orc:2    | Found Haerewn's Armour Shoppe.
 18024 | Orc:2    | Found Ixzyhuah's Book Emporium.
 18026 | Orc:2    | Found Ninwikk's Magic Scroll Boutique.
 18050 | Orc:2    | Bought a scroll of blinking for 120 gold pieces
 18052 | Orc:2    | Bought a scroll of blinking for 105 gold pieces
 18052 | Orc:2    | Bought a scroll of blinking for 105 gold pieces
 18052 | Orc:2    | Bought a scroll of teleportation for 42 gold pieces
 18052 | Orc:2    | Bought a scroll of teleportation for 42 gold pieces
 18052 | Orc:2    | Bought a scroll of teleportation for 42 gold pieces
 18082 | Orc:2    | Noticed Wirphemij's ghost (journeyman DgFi)
 18712 | Orc:2    | Killed Wirphemij's ghost
 18769 | Elf:1    | Entered Level 1 of the Elven Halls
 18899 | Elf:1    | Found a portal to a secret trove of treasure.
 19038 | Elf:1    | Noticed Roxanne
 19048 | Elf:1    | Killed Roxanne
 19049 | Elf:1    | Reached skill level 21 in Axes
 19085 | Elf:1    | Received a gift from Trog
 19366 | Elf:1    | Identified the +0 robe of Submission {Str+3}
 19504 | Elf:1    | Reached skill level 15 in Fighting
 19508 | Elf:1    | You fall into a shaft and drop 1 floor!
 20097 | Elf:2    | Identified the +9 short sword of Uney {elec, Str+5 Int+4}
 20114 | Elf:2    | Found Buanin's Antique Weapon Boutique.
 20279 | Elf:2    | Reached XP level 15. HP: 104/143 MP: 7/15
 20360 | Elf:2    | Found a shimmering blue altar of Sif Muna.
 20379 | Elf:2    | Reached skill level 16 in Fighting
 20507 | Elf:2    | Found a runed translucent gate.
 20507 | Elf:2    | Found a runed translucent gate.
 20507 | Elf:2    | Found a runed translucent gate.
 20620 | Elf:3    | Entered Level 3 of the Elven Halls
 21162 | Elf:3    | Received a gift from Trog
 21248 | Elf:3    | Reached skill level 17 in Fighting
 21648 | Elf:3    | Noticed a deep elf sorcerer
 21670 | Elf:3    | Killed a deep elf sorcerer
 21672 | Elf:3    | Noticed a deep elf blademaster
 21875 | Elf:3    | Killed a deep elf blademaster
 21875 | Elf:3    | Noticed a deep elf sorcerer
 21875 | Elf:3    | Noticed a deep elf master archer
 22120 | Elf:3    | Reached skill level 18 in Fighting
 22141 | Elf:3    | Noticed a deep elf blademaster
 22143 | Elf:3    | HP: 31/149 [earth elemental[a deep elf elementalist] (15)]
 22144 | Elf:3    | Noticed a deep elf master archer
 22427 | Elf:3    | Noticed a deep elf sorcerer
 22439 | Elf:3    | Killed a deep elf sorcerer
 22489 | Elf:3    | HP: 23/150 [deep elf master archer/arrow (25)]
 22489 | Elf:3    | Shot with an arrow by a deep elf master archer

Illustrated notes

Levels and vault maps discovered:
D:1:      erik_arrival_blinker_ship, layout_basic
D:2:      layout_loops_ring
D:3:      layout_loops_corners, jmf_multi_god_temple, serial_co_window_serial,
          co_window_of_opportunity_a, co_window_paths_a, co_window_paths_a,
          co_window_paths_b, co_window_paths_b, co_window_2corner,
          co_window_broadway_b, co_window_broadway_a, co_window_corner_b,
          co_window_corner_b, co_window_of_opportunity_b, co_window_4corner_a,
          uniq_pargi
D:4:      layout_rooms, gammafunk_temple_overflow_claw, lemuel_tele_altar,
          temple_statues, uniq_edmund, uniq_crazy_yiuf_cottage
D:5:      layout_rooms, serial_shops, nicolae_shop_overgrown_old_shop,
          grunt_tough_drop, uniq_prince_ribbit1
D:6:      layout_loops_cross, minmay_misc_feat_enclosed, uniq_blork_the_orc,
          uniq_menkaure
D:7:      layout_cave_pods, minmay_misc_feat_more_columns, uniq_joseph,
          uniq_duvessa
D:8:      layout_gridville, hellmonk_ghost_big_iron, serial_bayou_pond_b
D:9:      layout_rooms, hex_large, nicolae_looking_at_the_future
D:10:     layout_rooms, muffindrake_ghost_dual_entry
D:11:     layout_big_octagon, lair_entry_dummy, kennysheep_generic_room_13
D:12:     layout_basic, orc_0_dummy, minmay_lizard_king
D:13:     layout_long_grid, erik_vaults_1, serial_bayou, serial_bayou_lagoon_a,
          serial_bayou_pond_a, serial_bayou_pond_d, serial_bayou_lake_a
Lair:1:   wad_woods_04, layout_cave_pods, eino_small_chamber_without_monster,
          uniq_amaemon, uniq_sonja, uniq_maggie
Lair:2:   layout_concentric_octagons, grunt_megastairs_3
Lair:3:   layout_long_grid, swamp_mist_pool, spider_nest_entry_rubble,
          lemuel_old_faithful, grunt_megastairs_1, lemuel_fruit_tree,
          uniq_rupert, uniq_fannar, uniq_gastronok
Lair:4:   layout_gridlike
Lair:5:   guppyfry_lair_end_dragon, layout_long_grid, hangedman_lair_in_review,
          nicolae_slime_entry_slimehenge, basic_altar, serial_bayou_shore_b
Orc:1:    layout_caves, gammafunk_ghost_arena, nicolae_orc_rockfall,
          uniq_josephine
Orc:2:    st_orc_rangers, layout_diamond_mine, ebering_ghost_rock_garden
Elf:1:    eino_elf_arrival_the_gate, layout_loops_ring, enter_trove_0,
          hangedman_elf_represent, minivault_16, kilobyte_mutagenic_chamber,
          uniq_roxanne
Elf:2:    elven_hall_of_blades_hangedman_original [mumra_blade_entry_bloodbath],
          layout_gridlike, serial_shops, shop, basic_altar
Elf:3:    minmay_elf_hall_four_x, layout_geoelf_grid

Skill      XL: |  1  2  3  4  5  6  7  8  9 10 11 12 13 14 15 |
---------------+----------------------------------------------+-----
Axes           | 4 5 7 8 9 10 11 13 16 18 19 21 | 21.3
Fighting       | 4 7 8 11 14 15 18 | 18.4
Dodging        | 5 7 |  7.3

Action                   |  1- 3 |  4- 6 |  7- 9 | 10-12 | 13-15 || total
-------------------------+-------+-------+-------+-------+-------++-------
Melee: Hand axe          |   100 |   114 |   329 |    90 |       ||   633
       Tailslap          |     5 |     7 |    52 |   127 |   118 ||   309
       Punch             |     1 |     1 |     4 |     3 |       ||     9
       Battleaxe         |       |       |       |   505 |   325 ||   830
       War axe           |       |       |       |    89 |       ||    89
       Executioner's axe |       |       |       |       |   462 ||   462
Invok: Berserk           |     2 |     4 |    11 |    18 |    19 ||    54
       Trog's Hand       |       |       |     1 |     1 |    20 ||    22
Evoke: Condenser vane    |       |       |       |       |     1 ||     1
       Wand              |       |       |       |       |     3 ||     3
  Use: Scroll            |       |       |    11 |    14 |    11 ||    36
       Potion            |       |       |       |     3 |     2 ||     5
 Stab: Sleeping          |       |       |       |     5 |     4 ||     9
       Distracted        |       |       |       |     1 |       ||     1
       Confused          |       |       |       |       |     1 ||     1
Armor: Skin              |    27 |    54 |   138 |   259 |   264 ||   742
Dodge: Dodged            |    69 |    73 |   151 |   572 |   618 ||  1483

Table legend: (Time is in decaauts)
 A = Elapsed time spent in this place.
 B = Non-inter-level travel time spent in this place.
 C = Inter-level travel time spent in this place.
 D = Time resting spent in this place.
 E = Time spent auto-exploring this place.
 F = Levels seen in this place.
 G = Mean time per level.
                   A        B        C        D        E       F      G
               +--------+--------+--------+--------+--------+-----+--------+
         Total |  22811 |  21565 |   1246 |   4298 |  12544 |  23 |  991.8 |
       Dungeon |  11353 |  10764 |    589 |   1501 |   7329 |  13 |  873.3 |
          Lair |   5999 |   5788 |    211 |   1163 |   3550 |   5 | 1199.8 |
  Orcish Mines |   1744 |   1653 |     91 |    318 |    927 |   2 |  872.0 |
   Elven Halls |   3715 |   3360 |    355 |   1315 |    738 |   3 | 1238.3 |
               +--------+--------+--------+--------+--------+-----+--------+

Top non-repeatable levels by time:
   Elf:3: 1910 daAuts
  Lair:5: 1696 daAuts
     D:3: 1483 daAuts
  Lair:1: 1403 daAuts
  Lair:3: 1280 daAuts
    D:12: 1250 daAuts
   Elf:1: 1131 daAuts
     D:7: 1056 daAuts
   Orc:2: 1049 daAuts
     D:8: 987 daAuts
    D:10: 978 daAuts
     D:5: 972 daAuts
     D:9: 961 daAuts
     D:6: 928 daAuts
     D:4: 868 daAuts

Table legend:
 A = Kills in this place as a percentage of kills in entire the game.
 B = Kills by you in this place as a percentage of kills by you in the entire game.
 C = Kills by friends in this place as a percentage of kills by friends in the entire game.
 D = Other kills in this place as a percentage of other kills in the entire game.
 E = Experience gained in this place as a percentage of experience gained in the entire game.
 F = Experience gained in this place divided by the number of levels of this place that you have seen.
                   A       B       C       D       E      F
               +-------+-------+-------+-------+-------+----------------------
         Total | 100.0 | 100.0 |   N/A | 100.0 | 100.0 | 5817.3
       Dungeon |  40.5 |  40.6 |   N/A |   0.0 |  14.6 | 1499.2
          Lair |  23.3 |  23.3 |   N/A |   0.0 |  31.7 | 8480.6
  Orcish Mines |  22.6 |  22.5 |   N/A | 100.0 |  12.0 | 8016.0
   Elven Halls |  13.7 |  13.7 |   N/A |   0.0 |  41.8 | 18624.3
               +-------+-------+-------+-------+-------+----------------------
